 Dungeon Crawl Stone Soup version 0.31-a0-986-g5e6e4ef867 (webtiles) character file.

Game seed: 4876147474484732243

63 gelatine the Trooper (level 3, 0/29 HPs)
             Began as a Demonspawn Fighter on Nov 15, 2023.
             Slain by a gnoll
             ... wielding a +0 club
              (4 damage)
             ... on level 2 of the Dungeon.
             The game lasted 00:03:01 (939 turns).

gelatine the Trooper (Demonspawn Fighter)            Turns: 939, Time: 00:03:02

Health: 0/29       AC:  6    Str: 18    XL:     3   Next: 87%
Magic:  3/3        EV:  9    Int:  9    God:
Gold:   76         SH:  4    Dex: 12    Spells: 2/2 levels left

rFire   . . .        a - +0 war axe
rCold   . . .        c - +0 buckler
rNeg    . . .        b - +0 scale mail
rPois   .            (helmet restricted)
rElec   .            (no cloak)
rCorr   .            (no gloves)
SInv    .            (no boots)
Will    .....        (no amulet) Stlth
                     h - ring of flight
HPRegen 0.24/turn    (no ring)
MPRegen 0.08/turn

%: no passive effects
@: flying
A: antennae 1, powered by death 1
a: no special abilities


You were on level 2 of the Dungeon.
You visited 1 branch of the dungeon, and saw 2 of its levels.

You collected 76 gold pieces.

Inventory:

Hand Weapons
 a - a +0 war axe (weapon)
Missiles
 f - 17 stones
 g - 4 boomerangs (quivered)
Armour
 b - a +0 scale mail (worn)
 c - a +0 buckler (worn)
Jewellery
 h - a ring of flight (left hand)
Scrolls
 e - 2 scrolls of teleportation {unknown}
 l - a scroll of noise {unknown}
 n - a scroll of silence {unknown}
Potions
 d - a potion of might
 i - 3 potions of curing {unknown}
 j - a potion of mutation {unknown}
 k - a potion of heal wounds {unknown}
 m - a potion of cancellation {unknown}


   Skills:
 + Level 3.4 Fighting
 + Level 2.5 Axes
 + Level 0.1 Throwing
 + Level 3.1 Armour
 + Level 0.3 Dodging
 + Level 3.1 Shields


You had 2 spell levels left.
You didn't know any spells.
Your spell library was empty.

Dungeon Overview and Level Annotations

Branches:
Dungeon (2/15)

Altars:

Shops:
D:1 !


Innate Abilities, Weirdness & Mutations

You have a pair of small antennae on your head.
You regenerate a little health from kills.


Message History

You feel sick.
You are no longer poisoned.
An endoplasm comes into view.
You throw a boomerang. The boomerang hits the endoplasm.
The endoplasm is lightly wounded.
You throw a boomerang. The boomerang hits the endoplasm.
The endoplasm is severely wounded.
You throw a boomerang. The boomerang hits the endoplasm.
You kill the endoplasm!
The gnoll shouts!
You throw a boomerang. The boomerang closely misses the gnoll.
You throw a boomerang. The boomerang hits the gnoll.
The gnoll is moderately wounded.
A gnoll comes into view. It is wielding a +0 halberd.
You throw a boomerang. The boomerang closely misses the gnoll.
You slash the gnoll!
The gnoll is severely wounded.
The gnoll throws a stone.
The stone barely misses you. You block the gnoll's attack.
The gnoll hits you with a +0 club!
The gnoll hits you from afar with a +0 halberd.
The gnoll hits you with a +0 halberd!
You barely miss the gnoll. The gnoll hits you but does no damage.
The gnoll hits you with a +0 club.
* * * LOW HITPOINT WARNING * * *
The gnoll barely misses you.
You hit the gnoll.
The gnoll is lightly wounded.
You barely miss the gnoll. The gnoll hits you but does no damage.
The gnoll barely misses you.
You slash the gnoll!
The gnoll is severely wounded.
You closely miss the gnoll. The gnoll closely misses you.
You block the gnoll's attack. The gnoll hits you with a +0 club.
* * * LOW HITPOINT WARNING * * *
The gnoll misses you.
You hit the gnoll but do no damage.
The gnoll is severely wounded.
You hit the gnoll but do no damage. The gnoll hits you with a +0 club.
You die...

.####
######..♣♣P......
....##
#...###....P###
###..## #...# #.. #
# #...###...####.#.#
##..#.........##.#.#
##.................#
##..##...##.#.##.###
#..##......#.##g#
#..##...##.#.##@#
#...#...##.#.##g#
#.. .......#.##.#
...#.##.#.....
..####.# #.# ..# ..#


You could see 2 gnolls.

Vanquished Creatures
  A gnoll (D:2)
  An adder (D:2)
  A worm (D:2)
  A dart slug (D:1)
  3 ball pythons (D:1)
  4 bats
  2 endoplasms
  3 giant cockroaches (D:1)
  3 goblins
  5 hobgoblins
  5 kobolds (D:1)
  4 quokkas (D:1)
  2 rats
35 creatures vanquished.

Notes
Turn   | Place    | Note
-------+----------+-------------------------------------------
     0 | D:1      | gelatine the Demonspawn Fighter began the quest for the
                  | Orb.
     0 | D:1      | Reached XP level 1. HP: 18/18 MP: 1/1
    55 | D:1      | Found a faded altar of an unknown god.
   126 | D:1      | Gained mutation: You regenerate a little health from kills.
                  | [demonic ancestry]
   126 | D:1      | Reached XP level 2. HP: 24/24 MP: 2/2
   310 | D:1      | Found Udaunt's Distillery.
   427 | D:1      | Gained mutation: You have a pair of small antennae on your
                  | head. [demonic ancestry]
   427 | D:1      | Reached XP level 3. HP: 29/29 MP: 3/3
   939 | D:2      | Slain by a gnoll

Illustrated notes

Levels and vault maps discovered:
D:1:      eino_arrival_druids_welcome, layout_rooms, serial_shops, shop,
          dreamdust_ecumenical_altar_statues
D:2:      layout_basic, serial_forest, infiniplex_forest_diagonal,
          infiniplex_forest_zigzag_2, infiniplex_forest_clump_double,
          infiniplex_forest_corner_1, infiniplex_forest_clump_medium,
          infiniplex_forest_straight_3, kennysheep_boxes

Skill      XL: |  1  2 |
---------------+-------+-----
Shields        | 3 |  3.1
Axes           | 2 |  2.5
Armour         | 3 |  3.1
Fighting       | |  3.4
Throwing       | |  0.1
Dodging        | |  0.3

Action                     || total
---------------------------++-------
  Melee: War axe           ||   114
  Throw: Boomerang         ||    19
 Armour: Scale mail        ||    87
  Dodge: Dodged            ||    61
  Block: Buckler           ||    32

Table legend: (Time is in decaauts)
 A = Elapsed time spent in this place.
 B = Non-inter-level travel time spent in this place.
 C = Inter-level travel time spent in this place.
 D = Time resting spent in this place.
 E = Time spent auto-exploring this place.
 F = Levels seen in this place.
 G = Mean time per level.
                   A        B        C        D        E       F      G
               +--------+--------+--------+--------+--------+-----+--------+
         Total |    993 |    971 |     22 |      0 |    602 |   2 |  496.5 |
       Dungeon |    993 |    971 |     22 |      0 |    602 |   2 |  496.5 |
               +--------+--------+--------+--------+--------+-----+--------+

Top non-repeatable levels by time:
     D:1: 555 daAuts
     D:2: 438 daAuts
